 Dungeon Crawl Stone Soup version 0.17.0 (webtiles) character file.

446 dpvblackbelt the Cudgeler (level 6, -1/43 HPs)
             Began as a Mummy Wanderer on Nov 6, 2015.
             Slain by Crazy Yiuf
             ... wielding a +2 quarterstaff of chaos
              (3 damage)
             ... on level 3 of the Dungeon.
             The game lasted 00:16:42 (5925 turns).

dpvblackbelt the Cudgeler (Mummy Wanderer)          Turns: 5925, Time: 00:16:42

Health: -1/43      AC: 10    Str: 14    XL:     6   Next: 73%
Magic:  9/9        EV:  8    Int: 13    God:
Gold:   165        SH:  0    Dex: 13    Spells: 2 memorised, 7 levels left

rFire  x . .     SeeInvis .     j - +3 whip (pain)
rCold  + . .     Clarity  .     a - +2 scale mail
rNeg   + + +     SustAt   .     (no shield)
rPois  ∞         Gourm    .     e - +0 helmet
rElec  .         Spirit   .     (no cloak)
rCorr  .         Warding  .     (no gloves)
rMut   .         Stasis   .     (no boots)
MR     .....                    (no amulet)
Stlth  ..........               (no ring)
                                g - +1 ring of protection

@: slowed, very slow, not resistant to hostile enchantments, extremely
unstealthy
A: no food or potions, fire vulnerability, cold resistance 1, negative energy
resistance 3, torment resistance, unbreathing
a: no special abilities


You were on level 3 of the Dungeon.
You were not hungry.

You visited 1 branch of the dungeon, and saw 4 of its levels.

You collected 165 gold pieces.

Inventory:

Hand Weapons
 j - a +3 whip of pain (weapon)
Missiles
 f - 119 stones (quivered)
Armour
 a - a +2 scale mail (worn)
 e - a +0 helmet (worn)
Jewellery
 g - a +1 ring of protection (left hand)
Wands
 l - a wand of digging (23)
Scrolls
 d - 4 scrolls of identify {unknown}
 k - 3 scrolls of remove curse
Books
 b - the Disquisition on Poisoning

   Spells                             Type                      Level
   a - Sting                          Conjuration/Poison           1
   b - Cure Poison                    Poison                       2
 c - the Handbook of the Blaze

   Spells                             Type                      Level
   a - Flame Tongue                   Conjuration/Fire             1
   b - Inner Flame                    Hexes/Fire                   3


   Skills:
 - Level 1.1 Fighting
 + Level 5.4 Maces & Flails
 - Level 1.0 Throwing
 - Level 1.0 Armour
   Level 1.0 Shields
 - Level 2.2 Spellcasting
 - Level 2.4 Fire Magic
   Level 1.5 Ice Magic


You had 7 spell levels left.
You knew the following spells:

 Your Spells              Type           Power        Failure   Level  Hunger
a - Sting                 Conj/Pois      #...         91%         1    N/A
b - Flame Tongue          Conj/Fire      #....        75%         1    N/A

Dungeon Overview and Level Annotations

Branches:
Dungeon (4/15)
 Temple: D:4-7

Altars:
Ru

Annotations:
D:3 Crazy Yiuf
D:4 Dowan, Duvessa


Innate Abilities, Weirdness & Mutations

You do not eat or drink.
Your flesh is vulnerable to fire.
You are immune to poison.
Your flesh is cold resistant.
You are immune to negative energy.
You are immune to unholy pain and torment.
You can survive without breathing.


Message History

Crazy Yiuf hits you with a quarterstaff of chaos.
You feel yourself slow down.
Crazy Yiuf screams, "Cake mumblescurry childish!"
Crazy Yiuf completely misses you.
Crazy Yiuf grits, "Proton light cower!"; Crazy Yiuf laughs, "Fire leg high!"
Crazy Yiuf hits you but does no damage.
You are electrocuted!
* * * LOW HITPOINT WARNING * * *
Read which item? (? for menu, Esc to quit)
Okay, then.
You barely miss Crazy Yiuf.
Crazy Yiuf is heavily wounded.
Crazy Yiuf hits you but does no damage.
You hit Crazy Yiuf.
Crazy Yiuf is severely wounded.
Crazy Yiuf hits you but does no damage.
You hit Crazy Yiuf.
Crazy Yiuf is severely wounded.
Crazy Yiuf says, "Defame!"
Crazy Yiuf hits you with a quarterstaff of chaos.
You die...

#..............<
###..........#..
#####.............
#........)<)..#...
##.................
#..........[.......
#§.§..).%.....g....
#§§...........#....
##@§§....#.####....
##g§§........###..#
#§§§§...##.#......g
#§§§§...##.########
#§§§§...##..##
##.....####..#
##...## ##.# #####
#.# ###


You could see Crazy Yiuf.

Vanquished Creatures
  3 orc wizards
  An orc priest (D:3)
  Terence (D:2)
  3 worker ants
  4 gnolls
  Robin (D:2)
  5 adders
  3 oozes (D:2)
  2 worms (D:2)
  2 giant geckos
  13 orcs
  A ball python (D:1)
  14 hobgoblins
  8 jackals (D:2)
  8 kobolds
  2 quokkas
  9 bats
  2 giant cockroaches
  6 giant newts
  16 goblins
  7 rats
  A fungus (D:3)
112 creatures vanquished.

Notes
Turn   | Place    | Note
--------------------------------------------------------------
     0 | D:1      | dpvblackbelt the Mummy Wanderer began the quest for the Orb.
     0 | D:1      | dpvblackbelt set off with: a +2 scale mail, the Disquisition on Poisoning, the Handbook of the Blaze, a +0 club
     0 | D:1      | Reached XP level 1. HP: 13/13 MP: 1/1
    51 | D:1      | Reached skill level 1 in Fighting
    59 | D:1      | Identified the Disquisition on Poisoning
    59 | D:1      | Identified the Handbook of the Blaze
   141 | D:1      | Reached XP level 2. HP: 21/21 MP: 3/3
   144 | D:1      | Learned a level 1 spell: Sting
   146 | D:1      | Learned a level 1 spell: Flame Tongue
   181 | D:1      | Reached skill level 1 in Spellcasting
   798 | D:2      | Reached XP level 3. HP: 19/26 MP: 4/6
  1301 | D:2      | Noticed Terence
  1554 | D:2      | Reached XP level 4. HP: 25/32 MP: 7/7
  1687 | D:3      | Noticed Robin
  1826 | D:2      | Killed Terence
  2360 | D:2      | Reached skill level 3 in Maces & Flails
  2558 | D:2      | Killed Robin
  2875 | D:2      | Reached XP level 5. HP: 37/37 MP: 8/8
  3840 | D:3      | Reached skill level 4 in Maces & Flails
  4288 | D:3      | Found a sacrificial altar of Ru.
  4394 | D:3      | Noticed Crazy Yiuf
  4452 | D:4      | Reached XP level 6. HP: 41/43 MP: 9/9
  4846 | D:4      | Noticed an ogre
  4930 | D:2      | Reached skill level 5 in Maces & Flails
  5284 | D:4      | Noticed Dowan
  5284 | D:4      | Noticed Duvessa
  5915 | D:3      | Paralysed by Crazy Yiuf for 3 turns
  5922 | D:3      | HP: 2/43 [Crazy Yiuf/quarterstaff of chaos (15)]
  5925 | D:3      | Slain by Crazy Yiuf

Action                   |  1- 3 |  4- 6 || total
-------------------------+-------+-------++-------
Melee: Club              |    21 |       ||    21
       Spear             |    87 |       ||    87
       Whip              |    64 |   391 ||   455
Throw: Stone             |    13 |    15 ||    28
  Use: Scroll            |       |     5 ||     5
